Map: Submarine LE

Players

Ricdiculous - Winner!

  • Race: Zerg Zerg
  • League: Master
  • Spawn Location: 11:00

Osiris

  • Race: Terran Terran
  • League: Master
  • Spawn Location: 5:00

VOD

Have the link to the VOD?

Description

Time

  • Played on: Sept. 7, 2020, 5:04 a.m.
  • Length: 11:43
Show
View Real Time Build Order
Export as new Build Order

Ricdiculous Zerg - Winner!

Build Orders: Pool First 

Get SALT Encoding   

  12  0:00  Drone  
  13  0:12  Overlord  
  13  0:16  Drone  
  14  0:30  Drone x2  
  16  0:36  Drone  
  17  0:45  Spawning Pool  
  17  0:49  Drone  
  17  1:09  Hatchery  
  16  1:11  Drone  
  16  1:16  Drone  
  18  1:20  Extractor  
  18  1:25  Drone  
  18  1:32  Zergling x2  
  18  1:34  Queen  
  21  1:40  Drone  
  22  1:50  Overlord  
  22  2:12  Drone x2  
  22  2:13  Queen  
  26  2:17  Roach Warren  
  25  2:23  Drone x2  
  27  2:33  Drone x2  
  29  2:41  Hatchery  
  28  2:57  Roach x3  
  28  2:58  Roach  
  36  3:04  Metabolic Boost  
  36  3:10  Overlord  
  36  3:28  Drone x8  
  44  3:38  Overlord  
  44  3:45  Overlord  
  44  3:52  Queen  
  46  3:57  Drone x6  
  52  4:08  Drone x3  
  55  4:23  Drone x5  
  58  4:24  Lair  
  58  4:33  Drone x3  
  59  4:38  Drone  
  59  4:40  Spore Crawler  
  59  4:41  Spore Crawler  
  59  4:42  Spore Crawler  
  59  4:45  Roach x2  
  57  4:55  Queen x2  
  57  4:57  Overlord, Drone x5  
  66  5:10  Evolution Chamber  
  66  5:11  Overlord x2  
  66  5:12  Extractor  
  64  5:15  Extractor  
  64  5:20  Drone x3  
  67  5:21  Drone x3  
  67  5:24  Queen  
  67  5:26  Overseer  
  71  5:34  Extractor x2  
  69  5:35  Drone  
  69  5:36  Drone x5  
  75  5:45  Zerg Missile Weapons Level 1  
  74  5:52  Drone x3  
  74  5:53  Drone x2  
  74  5:54  Drone  
  74  5:55  Drone x4, Glial Reconstitution  
  84  6:05  Queen  
  84  6:06  Hatchery  
  84  6:07  Queen x2  
  84  6:10  Overlord  
  89  6:11  Overlord  
  89  6:19  Overlord  
  89  6:20  Overlord  
  89  6:29  Roach x2  
  89  6:30  Roach x6  
  105  6:35  Overlord x2  
  105  6:42  Roach x6  
  113  7:05  Roach x7  
  125  7:19  Roach x3  
  125  7:21  Ravager  
  125  7:22  Ravager x5  
  137  7:26  Hatchery  
  136  7:35  Overlord  
  136  7:36  Overlord, Queen  
  138  7:47  Overlord x2  
  138  7:49  Zerg Melee Weapons Level 1  
  138  7:52  Evolution Chamber  
  138  7:53  Queen x2  
  135  8:13  Drone x11  
  135  8:14  Drone x4  
  144  8:26  Drone x3  
  139  8:38  Zergling x2  
  139  8:39  Zergling x6  
  130  8:47  Drone x3  
  130  8:51  Infestation Pit  
  123  8:56  Zergling x4  
  125  9:03  Drone x4  
  119  9:12  Zergling x8  
  110  9:25  Spire  
  106  9:32  Extractor  
  106  9:33  Extractor  
  106  9:34  Drone  
  106  9:35  Drone x5  
  110  9:40  Zerg Ground Armor Level 1, Extractor  
  110  9:43  Hatchery, Zergling x22  
  119  9:51  Hive  
  119  9:54  Zergling x4  
  119  9:55  Zergling x4  
  123  10:09  Baneling Nest, Zergling x6  
  123  10:10  Zergling x4  
  127  10:19  Zergling x2  
  127  10:20  Zergling x24  
  134  10:40  Mutalisk  
  134  10:41  Mutalisk x7  
  149  11:01  Spine Crawler  
  149  11:02  Drone x3, Spine Crawler  
  149  11:03  Drone x2  
  152  11:10  Overseer  
  152  11:16  Drone x14  
  152  11:17  Drone  
Show
View Real Time Build Order
Export as new Build Order

Osiris Terran 

Build Orders: Mech 

Get SALT Encoding   

  12  0:02  SCV  
  13  0:14  SCV  
  14  0:21  Supply Depot  
  14  0:26  SCV  
  15  0:43  SCV  
  15  0:45  Barracks  
  15  0:48  Refinery  
  16  0:55  SCV  
  17  1:07  SCV  
  18  1:19  SCV  
  19  1:32  Reaper, Orbital Command  
  20  1:42  Command Center  
  20  1:54  Supply Depot  
  20  1:57  SCV  
  21  2:04  Marine  
  22  2:08  Factory  
  22  2:15  SCV  
  22  2:18  Refinery  
  22  2:20  Bunker  
  22  2:26  Barracks Reactor  
  22  2:27  SCV  
  23  2:40  SCV  
  24  2:52  SCV  
  24  2:54  Starport  
  25  3:01  Orbital Command  
  25  3:05  SCV  
  26  3:09  Hellion x2  
  26  3:11  Barracks Tech Lab  
  30  3:17  SCV  
  31  3:29  SCV x2  
  31  3:32  Fusion Core  
  32  3:46  Banshee  
  35  3:56  Hellion  
  35  3:59  Hellion  
  35  4:00  SCV  
  40  4:04  SCV  
  38  4:25  Factory Reactor  
  38  4:34  Banshee  
  39  4:43  SCV  
  39  4:44  SCV  
  41  4:46  Command Center  
  41  4:47  Supply Depot  
  41  4:49  Factory Reactor  
  41  4:54  Command Center  
  41  4:55  SCV  
  41  4:56  SCV  
  43  5:05  Supply Depot  
  43  5:07  SCV  
  43  5:08  SCV  
  45  5:20  SCV  
  46  5:24  Barracks Tech Lab  
  46  5:26  Hellion x2  
  50  5:30  Refinery  
  50  5:32  SCV, Refinery, Factory x2  
  50  5:33  SCV  
  52  5:39  Engineering Bay  
  52  5:44  SCV  
  52  5:45  SCV  
  54  5:56  SCV  
  55  5:57  SCV  
  56  6:05  Hellion x2  
  56  6:08  SCV, Orbital Command  
  56  6:09  SCV  
  62  6:13  Factory  
  62  6:17  Factory  
  62  6:18  Orbital Command  
  62  6:19  Infernal Pre-Igniter  
  62  6:21  SCV  
  62  6:24  Starport Tech Lab  
  62  6:25  SCV  
  64  6:29  Barracks Reactor  
  64  6:31  Hellion  
  66  6:33  SCV  
  66  6:37  SCV  
  68  6:40  Siege Tank x2  
  74  6:51  Hellion  
  68  7:04  Hellion  
  68  7:07  Hellion  
  68  7:08  SCV  
  71  7:14  Siege Tank x3  
  71  7:15  SCV, Orbital Command  
  81  7:20  SCV  
  82  7:26  Supply Depot, Bunker  
  82  7:28  Hellion  
  82  7:29  Hellion  
  86  7:35  SCV  
  86  7:36  SCV x2  
  89  7:40  Armory x2  
  89  7:42  Hellion  
  91  7:45  SCV  
  91  7:46  Refinery  
  91  7:47  SCV  
  91  7:48  SCV  
  91  7:50  Siege Tank  
  97  7:54  Refinery  
  97  7:55  Siege Tank  
  98  8:11  Siege Tank  
  98  8:12  Hellion x2  
  99  8:13  SCV  
  99  8:15  SCV  
  99  8:16  Hellion  
  99  8:19  Hellion  
  72  8:35  Siege Tank x2  
  72  8:36  Hellion x2  
  80  8:46  Supply Depot, Bunker  
  80  8:47  Engineering Bay  
  57  9:14  SCV x2  
  51  9:19  Bunker  
  51  9:20  Engineering Bay  
  51  9:23  SCV  
  51  9:27  Orbital Command  
  51  9:30  SCV x2  
  51  9:31  Terran Vehicle Weapons Level 1  
  51  9:32  Terran Vehicle And Ship Armor Level 1  
  51  9:35  SCV  
  52  9:42  SCV x2  
  52  9:43  Hellion x3  
  52  9:44  Siege Tank x2, Hellion  
  68  9:47  SCV  
  68  9:52  SCV  
  70  9:54  SCV x2  
  70  9:57  Siege Tank  
  70  9:59  SCV  
  76  10:06  SCV  
  77  10:09  SCV x2  
  79  10:16  Refinery, Hellion x3  
  79  10:17  SCV  
  79  10:18  SCV, Siege Tank  
  79  10:21  SCV  
  91  10:40  Orbital Command  
  91  10:41  Supply Depot  
  91  10:42  Supply Depot  
  91  10:49  Supply Depot  
  91  10:50  Supply Depot, Siege Tank, Hellion x3  
  91  10:55  Hellion  
  96  10:57  Siege Tank x2  
  98  11:15  Hellion x3  
  104  11:19  Supply Depot  
  104  11:22  Supply Depot, Hellion x4  
  98  11:25  Supply Depot x2  
Tags
 
Composition
Mech
Matchup
TvZ
Opening
Pool First
Spawn Locations
Cross Positions
Add a new tag
Caveats
  • Supply blocks, unpowered buildings, or Contaminate may cause inaccurate times.
  • Supply counts are checked every 10 seconds.